[Event "French-ch U12-U14 2024"]
[Site "Agen"]
[Date "2024.04.16"]
[Round "4.9"]
[White "El Zein, Bassam"]
[Black "Le Geay, Joachim"]
[Result "1-0"]
[ECO "A46"]
[WhiteElo "1924"]
[BlackElo "1792"]
[Annotator "NA RC"]
[PlyCount "123"]
[EventDate "2024.04.14"]
[EventType "swiss"]
[EventCountry "FRA"]
[SourceTitle "playchess.com"]
[Source "ChessBase"]
[SourceQuality "1"]
[TimeControl "5400+30"]

1. Nf3 Nf6 2. g3 d5 3. Bg2 e6 4. O-O Be7 5. d4 b5 6. c3 O-O 7. Nbd2 c5 8. Re1 Bb7 9. Qb3 a6 10. Nf1 cxd4 11. cxd4 Nc6 12. Bd2 Qb6 13. e3 b4 14. Qd3 a5 15. b3 Ba6 16. Qc2 Rfc8 17. Qb2 Na7 18. Rec1 Qb7 19. Ne5 Bd6 20. Nc4 Qc7 21. Nxd6 Qxd6 22. a3 Rxc1 23. Qxc1 Rc8 24. Qb2 Bd3 25. Rc1 Rxc1 26. Bxc1 Nb5 27. axb4 axb4 28. Qd2 Be4 29. Bb2 Bxg2 30. Kxg2 Ne4 31. Qd3 Qc6 32. Nd2 Nbc3 33. Nb1 Qb5 34. Qxb5 Nxb5 35. f3 Nec3 36. Nxc3 bxc3 37. Ba1 e5 38. dxe5 d4 39. Kf2 c2 40. Bb2 Nc3 41. exd4 Na2 42. b4 c1=Q 43. Bxc1 Nxc1 44. b5 Nb3 45. Ke3 Kf8 46. Kd3 Na5 47. Kc3 Ke7 48. Kb4 Nb7 49. d5 Kd7 50. b6 g5 51. h3 h5 52. h4 gxh4 53. gxh4 f6 54. f4 fxe5 55. fxe5 Kc8 56. e6 Nd6 57. Kc5 Nb7+ 58. Kc6 Na5+ 59. Kd6 Nc4+ 60. Ke7 Kb7 61. d6 Kxb6 62. d7 1-0

[Event "French-ch U12-U14 2024"]
[Site "Agen"]
[Date "2024.04.16"]
[Round "4.10"]
[White "Bat, Sodcetsen"]
[Black "Dang, Louis"]
[Result "1/2-1/2"]
[ECO "C45"]
[WhiteElo "2012"]
[BlackElo "1762"]
[Annotator "TA"]
[PlyCount "129"]
[EventDate "2024.04.14"]
[EventType "swiss"]
[EventCountry "FRA"]
[SourceTitle "playchess.com"]
[Source "ChessBase"]
[SourceQuality "1"]
[TimeControl "5400+30"]

1. e4 e5 2. Nf3 Nc6 3. d4 exd4 4. Nxd4 Nf6 5. Nxc6 bxc6 6. Nd2 g6 7. b3 Bg7 8. Bb2 O-O {[%emt 0:01:13] The position is equal.} 9. Bd3 d5 {[%emt 0:02:22] Black wants to play ...dxe4.} 10. O-O Re8 11. exd5 cxd5 12. Bb5 Bd7 13. Bxd7 Qxd7 14. Nf3 Qd6 15. Qd3 Rad8 16. Bxf6 Bxf6 17. Rad1 Qf4 18. Rfe1 Re4 19. Nd2 Rd4 20. Qf3 Qg5 21. Nf1 Rxd1 22. Rxd1 c6 23. Re1 Kg7 24. g3 Bd4 25. h4 Qf6 26. Nh2 h5 27. Qxf6+ Bxf6 $11 {[%emt 0:00:34][%mdl 4096] Endgame. KRB-KRN} 28. Nf3 c5 29. Re2 a5 30. Ne1 a4 31. bxa4 (31. Ng2 $11) 31... Ra8 $15 32. Nd3 Rxa4 33. Nxc5 Rxa2 34. Nd3 d4 35. Kg2 g5 36. hxg5 Bxg5 37. f4 Bf6 38. Kf3 Ra7 39. Ke4 Ra3 40. f5 Kh6 41. Kf4 Rc3 42. Rh2 Bd8 43. Ke5 Bc7+ 44. Kxd4 Ra3 45. Rg2 (45. Nf4 $14) 45... Kg5 $11 46. c4 Kxf5 47. Rf2+ Ke6 48. Rf3 {[%emt 0:00:22] [#] Hoping for Nc5+.} Ra1 49. Nc5+ Ke7 50. Kd5 Rg1 51. Ne4 f6 52. c5 Rd1+ 53. Kc6 Be5 54. Nd6 Bxd6 $15 55. cxd6+ Rxd6+ {[%emt 0:00:04] KR-KR} 56. Kc5 Rd1 {[%emt 0:00:10] [#] aiming for ...Kf7.} 57. Rf5 $1 Rh1 {[%emt 0:02:58] White must now prevent ...Ke6.} 58. Kd5 (58. Kd4 $11 {and White is okay.}) 58... Kf7 $2 ({Black should play} 58... h4 $19 59. gxh4 Rxh4) 59. Ke4 $11 Kg6 {[%emt 0:00:00] ( -> ...Re1+)} 60. Ra5 Rf1 61. Ra8 Re1+ 62. Kf4 Re7 63. Rg8+ Rg7 64. Ra8 Rb7 65. Ke4 {[%emt 0:04:04] Weighted Error Value: White=0.16 (very precise) /Black=0.15 (very precise) .  Loses game:     	White=1     	---        Missed win:     	---       	Black=1      Mistake:       	White=3     	---        Inaccurate:     	White=2     	Black=5      OK:         	White=22    	Black=17     Best:        	White=4     	Black=1      Strong:       	White=1     	---} 1/2-1/2

[Event "French-ch U12-U14 2024"]
[Site "Agen"]
[Date "2024.04.16"]
[Round "4.11"]
[White "Fischler, Ines"]
[Black "Pauly, Juliette"]
[Result "1-0"]
[ECO "C00"]
[WhiteElo "1698"]
[BlackElo "1617"]
[Annotator "NA RC"]
[PlyCount "57"]
[EventDate "2024.04.14"]
[EventType "swiss"]
[EventCountry "FRA"]
[SourceTitle "playchess.com"]
[Source "ChessBase"]
[SourceQuality "1"]
[TimeControl "5400+30"]

1. e4 e6 2. b3 d5 3. Bb2 dxe4 4. Nc3 Nf6 5. Qe2 Bd6 6. Nxe4 Nxe4 7. Qxe4 O-O 8. O-O-O Nd7 9. Bd3 g6 10. Nf3 Be7 11. Ne5 Bf6 12. Nxd7 Bxd7 13. Qf4 Bxb2+ 14. Kxb2 a5 15. h4 a4 16. h5 axb3 17. axb3 Qe7 18. Ra1 e5 19. Qh6 Rxa1 20. Rf1 Rb1+ 21. Rxb1 Qf6 22. Ra1 g5 23. Rh1 Be6 24. f3 b5 25. Qxg5+ Qxg5 26. b4 Qh4 27. c4 Qf4 28. c5 Qh4 29. c6 1-0

[Event "French-ch U12-U14 2024"]
[Site "Agen"]
[Date "2024.04.16"]
[Round "4.12"]
[White "Nicot, Anna"]
[Black "Strievi, Leonie"]
[Result "1-0"]
[ECO "D34"]
[WhiteElo "1649"]
[BlackElo "1602"]
[Annotator "NA RC"]
[PlyCount "73"]
[EventDate "2024.04.14"]
[EventType "swiss"]
[EventCountry "FRA"]
[SourceTitle "playchess.com"]
[Source "ChessBase"]
[SourceQuality "1"]
[TimeControl "5400+30"]

1. d4 d5 2. Nf3 e6 3. g3 Nf6 4. Bg2 c5 5. O-O Nc6 6. c4 Be7 7. Nc3 O-O 8. cxd5 exd5 9. dxc5 Bxc5 10. Bg5 h6 11. Bd2 Be6 12. Na4 Bd6 13. Be3 Ng4 14. Bc5 Rc8 15. Bxd6 Qxd6 16. Nc3 a6 17. Nd4 Nxd4 18. Qxd4 Rc4 19. Qd2 Nf6 20. Rfd1 Rd8 21. e4 d4 22. Ne2 b5 23. b3 Rc5 24. Qxd4 Qxd4 25. Rxd4 Rdc8 26. Rd2 Re5 27. f3 g5 28. Rc1 Rb8 29. Rd6 a5 30. Nd4 Kf8 31. Nxe6+ fxe6 32. Rcc6 Ke7 33. f4 gxf4 34. gxf4 Rh5 35. Rxe6+ Kf7 36. Rxf6+ Ke7 37. Rxh6 1-0

[Event "French-ch U12-U14 2024"]
[Site "Agen"]
[Date "2024.04.16"]
[Round "4.13"]
[White "Giafferi Bonnet, Luna"]
[Black "Bernard, Ines"]
[Result "0-1"]
[ECO "B26"]
[WhiteElo "1640"]
[BlackElo "1981"]
[Annotator "NA RC"]
[PlyCount "76"]
[EventDate "2024.04.14"]
[EventType "swiss"]
[EventCountry "FRA"]
[SourceTitle "playchess.com"]
[Source "ChessBase"]
[SourceQuality "1"]
[TimeControl "5400+30"]

1. e4 c5 2. Nc3 Nc6 3. g3 g6 4. Bg2 Bg7 5. d3 d6 6. Be3 Nf6 7. h3 Rb8 8. Qd2 Nd4 {[%emt 0:01:37] B26: Closed Sicilian: 3 g3, lines with early Be3.} 9. Nge2 Nxe2 10. Nxe2 b5 11. a3 Nd7 12. c3 h5 13. h4 Ne5 14. d4 Nc4 15. Qc1 Nxe3 16. Qxe3 Bh6 17. Qd3 Be6 18. d5 Bg4 19. b4 Qc7 20. c4 Bd7 $17 (20... cxb4 $19 21. cxb5 Bg7) 21. Qc3 O-O 22. Rb1 cxb4 23. Rxb4 a5 24. Rb1 bxc4 25. O-O Qc5 26. Rfd1 Ba4 27. Re1 Bg7 28. Qf3 Rb3 29. Rxb3 cxb3 30. Rb1 Qc2 31. Rc1 Qxc1+ 32. Nxc1 b2 33. Nd3 b1=Q+ 34. Kh2 Rb8 35. Qe2 Bb5 36. Bf1 Bxd3 37. Qxd3 Qxd3 38. Bxd3 Rb3 0-1

[Event "French-ch U12-U14 2024"]
[Site "Agen"]
[Date "2024.04.16"]
[Round "4.15"]
[White "Menard, Emma"]
[Black "Castagnerol, Cerise"]
[Result "0-1"]
[ECO "E18"]
[WhiteElo "1593"]
[BlackElo "1755"]
[Annotator "NA RC"]
[PlyCount "92"]
[EventDate "2024.04.14"]
[EventType "swiss"]
[EventCountry "FRA"]
[SourceTitle "playchess.com"]
[Source "ChessBase"]
[SourceQuality "1"]
[TimeControl "5400+30"]

1. d4 d5 2. Nf3 Nf6 3. c4 e6 4. g3 Be7 5. Bg2 O-O 6. cxd5 exd5 7. O-O b6 8. Nc3 Bb7 9. Bf4 c5 10. Rc1 Nbd7 11. Qb3 cxd4 12. Nxd4 Nc5 13. Qd1 Rc8 14. a3 a6 15. Nf5 Re8 16. Nxe7+ Rxe7 17. Bg5 Rd7 18. b4 Ne6 19. Bxf6 gxf6 20. Qd2 Rc4 21. e3 b5 22. Ne2 a5 23. Rfd1 Rxc1 24. Rxc1 a4 25. Nd4 Qb6 26. Bf1 Ng5 27. Bxb5 Qxb5 28. Nxb5 Nf3+ 29. Kg2 Nxd2 30. Rd1 d4+ 31. Kh3 dxe3 32. fxe3 Bf3 33. Rc1 Rd5 34. Rc5 Rxc5 35. bxc5 Nb3 36. g4 Nxc5 37. Kg3 Bd1 38. Kf4 Kf8 39. h3 Ke7 40. g5 Ne6+ 41. Kg3 fxg5 42. e4 Nc5 43. Nc3 Bc2 44. Kg4 Nxe4 45. Ne2 Bd1 46. Kf3 Bxe2+ 0-1

[Event "French-ch U12-U14 2024"]
[Site "Agen"]
[Date "2024.04.16"]
[Round "4.16"]
[White "Auribault, Louis"]
[Black "Plaidit, Hugo"]
[Result "1-0"]
[ECO "B22"]
[WhiteElo "2137"]
[BlackElo "1981"]
[Annotator "TA"]
[PlyCount "157"]
[EventDate "2024.04.14"]
[EventType "swiss"]
[EventCountry "FRA"]
[SourceTitle "playchess.com"]
[Source "ChessBase"]
[SourceQuality "1"]
[TimeControl "5400+30"]

1. e4 c5 2. c3 d5 3. exd5 Qxd5 4. d4 Nc6 5. Nf3 Bf5 6. dxc5 Qxc5 7. Be3 Qa5 8. Bc4 e6 9. O-O Nf6 10. Qb3 O-O-O 11. Nd4 (11. Bb5 $5) 11... Nxd4 (11... Ng4 $5 12. Nxc6 bxc6 $11) 12. cxd4 Bxb1 13. Raxb1 Bd6 14. Rbc1 Kb8 15. Be2 Nd5 16. Bf3 Rc8 17. Rc3 Rc7 18. Rxc7 Qxc7 19. g3 Qa5 20. a3 h5 21. h4 g6 22. Bg5 Rc8 23. Kg2 a6 24. Rd1 Qb5 25. Qxb5 axb5 26. Rd3 b4 27. Bxd5 exd5 28. axb4 Rc4 29. Bd2 ({Better is} 29. Rf3 $14) 29... b5 30. Kf3 Kc8 31. g4 Kd7 32. gxh5 gxh5 33. Ke2 Be7 (33... Bxb4 $2 34. Bxb4 Rc2+ (34... Rxb4 $2 {perishes.} 35. b3 $18) 35. Rd2 $18) 34. Bc3 Rc6 35. Rd1 Bxh4 36. Rh1 Re6+ 37. Kf1 Bf6 38. Rxh5 Kd6 39. Rh7 Ke7 40. f3 Re3 41. Kf2 Re6 $1 42. Rh5 Kd6 43. Kg3 Re3 44. Rh6 Re6 45. Rh1 Kc6 (45... Re2 $11) 46. Kf4 (46. Rh7 $1 $14) 46... Be7 $11 47. Kg3 Bd6+ 48. Kf2 Rf6 49. Rh8 Rf5 50. Bd2 Rf6 51. Rh7 Kd7 52. Rh5 Kc6 53. Rh8 Rf5 54. Rc8+ Kd7 55. Rc1 Rf6 56. Ke2 Rf5 57. Rh1 Kc6 58. f4 Rf6 (58... Bxf4 $2 {loses.} 59. Rf1 $18) 59. Kd3 Bxf4 $2 (59... Kd7 $11) 60. Rf1 $18 Bg5 61. Rc1+ Kb7 62. Bxg5 Rf3+ 63. Be3 Kb6 64. Ke2 Rh3 65. Rf1 Rh2+ 66. Rf2 Rh7 67. Rf6+ Kc7 68. Bf4+ Kb7 69. Rd6 Rh5 70. Rd7+ (70. Rh6 $142 Rxh6 71. Bxh6 Kc8 72. Kf3 Kd7 73. Kf4 Ke6 74. Kg5 Ke7 75. Kf5) 70... Kc6 71. Rxf7 Kb6 72. Rf6+ Kb7 73. Rh6 Rf5 74. Kf3 Rf7 75. Rd6 Rf5 76. Kg4 Rf7 77. Rxd5 Kc6 78. Rc5+ Kb6 79. d5 1-0

[Event "French-ch U12-U14 2024"]
[Site "Agen"]
[Date "2024.04.16"]
[Round "4.18"]
[White "Charlier, Antoine"]
[Black "Bornhofen, Valentin"]
[Result "1-0"]
[ECO "E48"]
[WhiteElo "2053"]
[BlackElo "1920"]
[Annotator "NA RC"]
[PlyCount "55"]
[EventDate "2024.04.14"]
[EventType "swiss"]
[EventCountry "FRA"]
[SourceTitle "playchess.com"]
[Source "ChessBase"]
[SourceQuality "1"]
[TimeControl "5400+30"]

1. d4 Nf6 2. c4 e6 3. Nc3 Bb4 4. e3 c5 5. Bd3 Nc6 6. Nge2 cxd4 7. exd4 d5 8. O-O dxc4 9. Bxc4 O-O 10. Bg5 Be7 11. a3 a6 12. Bd3 b5 13. Bc2 Bb7 14. Qd3 g6 15. b4 Nd5 16. Bxe7 Ndxe7 17. Ne4 Nf5 18. Nc5 Qc7 19. Rfd1 Rfd8 20. Qc3 Nce7 21. Bxf5 Nxf5 22. Ng3 Ne7 23. Qe3 Nd5 24. Qh6 Nf6 25. Qg5 Kg7 26. Qe5 Qe7 27. Qg5 Rd5 28. Nh5+ 1-0

[Event "French-ch U12-U14 2024"]
[Site "Agen"]
[Date "2024.04.16"]
[Round "4.19"]
[White "Pon Le Brun, Gregoire"]
[Black "Bonelli Maestracci, Pierre Joseph"]
[Result "1-0"]
[ECO "B31"]
[WhiteElo "1900"]
[BlackElo "2044"]
[Annotator "NA RC"]
[PlyCount "83"]
[EventDate "2024.04.14"]
[EventType "swiss"]
[EventCountry "FRA"]
[SourceTitle "playchess.com"]
[Source "ChessBase"]
[SourceQuality "1"]
[TimeControl "5400+30"]

1. e4 c5 2. Nf3 Nc6 3. Bb5 Nf6 4. Nc3 g6 5. O-O Bg7 6. Re1 O-O 7. h3 d5 8. exd5 Nxd5 9. Nxd5 Qxd5 10. Qe2 a6 11. Bxc6 Qxc6 12. Ne5 Qc7 13. b3 b5 14. Bb2 Bf5 15. d3 Rfd8 16. a4 Rab8 17. axb5 axb5 18. Ra6 Rd6 19. Rea1 Rxa6 20. Rxa6 Be6 21. Rc6 Qa7 22. Rxe6 fxe6 23. Nc6 Qd7 24. Nxb8 Qd6 25. Bxg7 Kxg7 26. d4 Qxb8 27. dxc5 Qf4 28. Qe3 Qc7 29. b4 e5 30. Qe2 Qb8 31. c4 e4 32. Qxe4 bxc4 33. Qxe7+ Kg8 34. Qe6+ Kg7 35. Qxc4 Qe5 36. g3 Qa1+ 37. Kg2 Qa8+ 38. c6 Qb8 39. c7 Qa8+ 40. Kh2 Qa7 41. Qc5 Qxc5 42. bxc5 1-0

[Event "French-ch U12-U14 2024"]
[Site "Agen"]
[Date "2024.04.16"]
[Round "4.20"]
[White "To, Chu"]
[Black "Tureshbayev, Anuar"]
[Result "0-1"]
[ECO "B52"]
[WhiteElo "1885"]
[BlackElo "2025"]
[Annotator "NA RC"]
[PlyCount "112"]
[EventDate "2024.04.14"]
[EventType "swiss"]
[EventCountry "FRA"]
[SourceTitle "playchess.com"]
[Source "ChessBase"]
[SourceQuality "1"]
[TimeControl "5400+30"]

1. e4 c5 2. Nf3 d6 3. Bb5+ Bd7 4. Bxd7+ Qxd7 5. O-O Nc6 6. c3 Nf6 7. Re1 e6 8. d4 cxd4 9. cxd4 d5 10. e5 Ne4 11. a3 Be7 12. Nbd2 Nxd2 13. Bxd2 O-O 14. Rc1 Kh8 15. Rc3 f6 16. exf6 Bxf6 17. Ne5 Bxe5 18. dxe5 Rac8 19. Qh5 Nd4 20. Rh3 g6 21. Qg4 Rc4 22. Qg3 Qf7 23. Bg5 Qf5 24. Kh1 Ne2 25. Qf3 Qxf3 26. Rxf3 Rxf3 27. gxf3 Nd4 28. Kg2 Nf5 29. Rc1 Rxc1 30. Bxc1 Kg7 31. f4 Kf7 32. Kf3 h5 33. Be3 a6 34. Bc5 Ke8 35. Ke2 Kd7 36. f3 Kc6 37. Bf2 d4 38. Kd3 Kd5 39. b3 b6 40. h3 b5 41. Be1 Ne3 42. Bf2 Ng2 43. Bg3 a5 44. h4 a4 45. b4 Ne3 46. Bf2 Nc4 47. Bxd4 Nxa3 48. Bb2 Nc4 49. Bd4 Nd2 50. Be3 Nxf3 51. Bf2 a3 52. Kc3 Ke4 53. Bg3 Nd4 54. Bf2 Ne2+ 55. Kb3 Nxf4 56. Kxa3 Nd3 0-1

[Event "French-ch U12-U14 2024"]
[Site "Agen"]
[Date "2024.04.17"]
[Round "5.2"]
[White "Benhadid, Jeilynn"]
[Black "Manouvel, Maelys"]
[Result "1-0"]
[ECO "E97"]
[WhiteElo "1844"]
[BlackElo "1541"]
[Annotator "NA RC COMBH"]
[PlyCount "149"]
[EventDate "2024.04.14"]
[EventType "swiss"]
[EventCountry "FRA"]
[SourceTitle "playchess.com"]
[Source "ChessBase"]
[SourceQuality "1"]
[TimeControl "5400+30"]

1. d4 Nf6 2. c4 g6 3. Nc3 Bg7 4. e4 d6 5. Nf3 O-O 6. Be2 e5 7. O-O Nc6 8. d5 Ne7 9. Nd2 Ne8 10. b4 f5 11. a4 Nf6 12. f3 f4 13. Ba3 g5 14. c5 h5 15. Nc4 g4 16. b5 g3 17. cxd6 cxd6 18. Nxd6 h4 19. Nxc8 Rxc8 20. Qb3 Qe8 21. h3 Kh8 22. Rac1 Qf7 23. Qb2 Rfd8 24. Rfd1 Bf8 25. Na2 Ng6 26. Nb4 Qe7 27. Nc2 Qc7 28. Bxf8 Nxf8 29. Nb4 Qb6+ 30. Kh1 Ng6 31. Nd3 Qd6 32. Rd2 Nd7 33. Rdc2 Qf8 34. Rc7 Rxc7 35. Rxc7 Qd6 36. Rxb7 Nc5 37. Rxa7 Nxd3 38. Bxd3 Qc5 39. Ra6 Rc8 40. Rc6 Rxc6 41. bxc6 Kg7 42. Qc2 Qb4 43. Qc4 Qe1+ 44. Bf1 Ne7 45. Qb5 Nc8 46. a5 Qa1 47. c7 Qc1 48. Qc4 Qa1 49. Kg1 Qxa5 50. Qc1 Qb6+ 51. Kh1 Qf2 52. Ba6 Qe3 53. Qxe3 fxe3 54. Kg1 Nd6 55. Kf1 Kf7 56. c8=Q Nxc8 57. Bxc8 Ke7 58. Be6 Kd6 59. Ke2 Kc5 60. Kxe3 Kd6 61. f4 exf4+ 62. Kxf4 Ke7 63. Ke5 Kd8 64. Bg4 Ke7 65. d6+ Kd8 66. Ke6 Ke8 67. d7+ Kd8 68. Bf3 Kc7 69. Ke7 Kb6 70. d8=Q+ Kb5 71. Qc7 Ka4 72. Qb6 Ka3 73. Bd1 Ka2 74. Bc2 Ka1 75. Qb1# 1-0

[Event "French-ch U12-U14 2024"]
[Site "Agen"]
[Date "2024.04.17"]
[Round "5.3"]
[White "Le Floch, Alexia"]
[Black "Gurevich, Michele"]
[Result "1-0"]
[ECO "D31"]
[WhiteElo "1641"]
[BlackElo "1625"]
[Annotator "NA RC COMBH"]
[PlyCount "61"]
[EventDate "2024.04.14"]
[EventType "swiss"]
[EventCountry "FRA"]
[SourceTitle "playchess.com"]
[Source "ChessBase"]
[SourceQuality "1"]
[TimeControl "5400+30"]

1. d4 d5 2. c4 e6 3. Nc3 c6 4. Nf3 dxc4 5. e4 b5 6. a4 Bb4 7. Bd2 a5 8. axb5 Bxc3 9. Bxc3 cxb5 10. b3 b4 11. Bxb4 Qb6 12. Bc5 Qxb3 13. Qxb3 cxb3 14. Bc4 Bb7 15. Nd2 a4 16. Bb5+ Nd7 17. Rxa4 Rxa4 18. Bxa4 Ngf6 19. f3 Kd8 20. Nxb3 Nxc5 21. Nxc5 Kc7 22. Kf2 Bc6 23. Nxe6+ fxe6 24. Rc1 Ra8 25. Rxc6+ Kb7 26. Rc4 Kb6 27. Bb3 Re8 28. Rb4+ Kc7 29. Rb5 h6 30. Rc5+ Kb7 31. Re5 1-0

[Event "French-ch U12-U14 2024"]
[Site "Agen"]
[Date "2024.04.17"]
[Round "5.5"]
[White "Chevillon, Ines"]
[Black "Anseeuw, Emma"]
[Result "0-1"]
[ECO "B06"]
[WhiteElo "1520"]
[BlackElo "1667"]
[Annotator "NA RC COMBH"]
[PlyCount "160"]
[EventDate "2024.04.14"]
[EventType "swiss"]
[EventCountry "FRA"]
[SourceTitle "playchess.com"]
[Source "ChessBase"]
[SourceQuality "1"]
[TimeControl "5400+30"]

1. e4 c5 2. c3 d5 3. exd5 Qxd5 4. d4 g6 5. Nf3 Bg7 6. Be3 cxd4 7. cxd4 Nf6 8. Nc3 Qd8 9. Be2 O-O 10. O-O Nc6 11. h3 Bf5 12. Qd2 Ne4 13. Nxe4 Bxe4 14. Rfd1 a5 15. Ne1 Qd5 16. Bf3 Rfd8 17. Bxe4 Qxe4 18. f3 Qd5 19. Nc2 e5 20. Bg5 Rd7 21. Ne3 Qxd4 22. Qxd4 Rxd4 23. Rxd4 exd4 24. Nc4 Re8 25. Kf1 Nb4 26. a3 Nc2 27. Rc1 Ne3+ 28. Bxe3 dxe3 29. Ke2 b5 30. Nd6 Rd8 31. Nxb5 Bxb2 32. Rc2 Bg7 33. Kxe3 Rb8 34. a4 Bf8 35. Kf4 Bh6+ 36. Kg3 Re8 37. Kf2 Be3+ 38. Kg3 Re5 39. Rc8+ Kg7 40. Ra8 Rg5+ 41. Kh2 Bf4+ 42. Kg1 Bg3 43. Rd8 Rc5 44. Rd1 Rc2 45. Ra1 Kf6 46. Nd4 Bf2+ 47. Kf1 Bxd4 48. Rd1 Rf2+ 49. Ke1 Ba7 50. Rd7 Be3 51. Rd3 Bc5 52. Rd5 Rc2 53. Kd1 Rc4 54. Ke2 Bb4 55. Rd1 Rc2+ 56. Kf1 Ra2 57. Rd8 Rxa4 58. Ra8 Ra2 59. g4 Rh2 60. Ra6+ Kg7 61. h4 h5 62. g5 Rxh4 63. Kg2 Rc4 64. Kf2 h4 65. Kg2 Rc5 66. Kh3 Be1 67. f4 Rc3+ 68. Kh2 Rf3 69. Kg2 Rxf4 70. Kh1 a4 71. Kh2 Rd4 72. Kh1 Bg3 73. Kg2 Rd2+ 74. Kh1 Ra2 75. Kg1 h3 76. Kf1 Bf4 77. Kg1 h2+ 78. Kh1 Ra1+ 79. Kg2 h1=Q+ 80. Kf2 Ra2# 0-1

[Event "French-ch U12-U14 2024"]
[Site "Agen"]
[Date "2024.04.17"]
[Round "5.9"]
[White "Dang, Louis"]
[Black "Landolsi, Iyad"]
[Result "0-1"]
[ECO "C55"]
[WhiteElo "1762"]
[BlackElo "1970"]
[Annotator "TA"]
[PlyCount "72"]
[EventDate "2024.04.14"]
[EventType "swiss"]
[EventCountry "FRA"]
[SourceTitle "playchess.com"]
[Source "ChessBase"]
[SourceQuality "1"]
[TimeControl "5400+30"]

1. e4 e5 2. Nf3 Nc6 3. Bc4 Nf6 4. d3 h6 5. O-O d6 6. c3 g5 7. Nbd2 Rg8 8. Nb3 Bg4 {[%emt 0:17:23] White is slightly better.} 9. Re1 Bh5 10. Qc2 $2 (10. Bb5 $16 {and life is bright. Na5 would now be deadly.} g4 11. Nfd2) 10... Bxf3 $17 11. gxf3 Nh5 (11... g4 $1 $15 12. Kh1 gxf3) 12. Kf1 (12. Qd1 $11 {keeps the balance.}) 12... Qf6 13. Ke2 g4 (13... O-O-O $1 $17) 14. fxg4 $11 Rxg4 15. Be3 Nf4+ 16. Kd2 $1 Ng2 {[%emt 0:02:57] A dynamic duo of knights.} 17. Re2 h5 (17... a6 $15 {was preferrable.}) 18. Bb5 (18. Rd1 $11) 18... a5 $15 {[%emt 0:04:08] Black is more active.} 19. d4 {[%emt 0:04:22][%cal Bd3d4,Bd4d5,Bd5c6][%mdl 32] Strongly threatening d5.} Nxe3 ({Black should try} 19... Ke7 $15 20. Bxc6 bxc6) 20. fxe3 $11 {[%emt 0:00:18] Hoping for d5.} a4 21. d5 axb3 {[%emt 0:00:55] [#]} 22. dxc6 $1 b6 23. Qxb3 Rxe4 24. Qd5 Rg4 25. Rg2 Ra5 (25... Rxg2+ $11 {might be stronger.} 26. Qxg2 d5) 26. a4 $1 $14 Bg7 27. Re1 (27. h3 $1 $16 Rxg2+ 28. Qxg2) 27... Rgxa4 $11 28. Qb3 ({Don't blunder} 28. Rf1 $2 Qxf1 29. Bxf1 Rxd5+ $19) (28. e4 $1 $11 {is superior.}) 28... Rg4 $15 29. Rxg4 hxg4 30. Bc4 ({Only move:} 30. Rf1 $15 Qg6 31. Bc4) 30... Qg6 (30... Qf2+ $19 31. Re2 Qf3) 31. Rf1 Bf6 32. Be2 {[%emt 0:00:00] [#]} (32. Qd1 $15) 32... Ke7 ({Black should play} 32... d5 $1 $19 {...Bg5 is the strong threat.} 33. Qc2 e4) 33. Qc4 $17 Rc5 $36 {[%emt 0:01:08][%mdl 2048] Black is really pushing.} 34. Qa4 {[%emt 0:00:00][%mdl 8192] [#]} (34. Qxg4 $17 Rd5+ (34... Rxc6 35. Qxg6 fxg6 36. Rg1 $11) 35. Kc1 Qxg4 36. Bxg4) 34... Rd5+ $1 $19 35. Ke1 Bh4+ 36. Rf2 Qf6 {[%emt 0:00:46] Weighted Error Value: White=0.57/Black=0.25 (precise) .  Loses game:     	White=1     	---        Mistake:       	White=7     	Black=7      Inaccurate:     	White=2     	Black=4      OK:         	White=6     	Black=9      Best:        	White=3     	Black=2      Strong:       	White=2     	Black=1} 0-1

[Event "French-ch U12-U14 2024"]
[Site "Agen"]
[Date "2024.04.17"]
[Round "5.10"]
[White "Lefol, Marius"]
[Black "Corral Nehama, Leo"]
[Result "0-1"]
[ECO "C54"]
[WhiteElo "1948"]
[BlackElo "1910"]
[Annotator "TA"]
[PlyCount "66"]
[EventDate "2024.04.14"]
[EventType "swiss"]
[EventCountry "FRA"]
[SourceTitle "playchess.com"]
[Source "ChessBase"]
[SourceQuality "1"]
[TimeControl "5400+30"]

1. e4 e5 2. Nf3 Nc6 3. Bc4 Bc5 4. c3 Nf6 5. d3 d6 6. O-O a6 7. Bb3 Ba7 8. Nbd2 h6 9. Re1 g5 {[%emt 0:03:28][%cal Bg7g5,Bg5g4][%mdl 32] [#]} 10. d4 $1 g4 {[%emt 0:05:02] White has an edge.} 11. Nh4 exd4 12. Nc4 b5 13. Nd2 O-O (13... d3 $17 {...Ne5 is the strong threat.} 14. Nf1 Ne5) 14. Nf1 $14 Nxe4 15. Ng6 $2 (15. Rxe4 $16 Qxh4 16. Bd5) 15... Re8 $11 {[%emt 0:05:29][%cal Oe4f2] And now ...Nxf2! would win.} 16. Bd5 (16. Bxh6 Qf6 (16... dxc3 $2 17. Be3 $19) 17. Ng3 Qxf2+ (17... Qxg6 $2 18. Nxe4 Rxe4 19. Rxe4 $19) 18. Kh1 Nxg3+ 19. hxg3 Rxe1+ 20. Qxe1 Qxe1+ (20... Qxb2 21. Qe8+ Kh7 22. Qh8+ Kxg6 23. Qg7+ Kf5 24. Qh7+ Kf6 25. Qxf7+ Ke5 26. Qf4#) 21. Rxe1 Kh7 $19) 16... Bd7 17. Rxe4 Rxe4 18. Bxe4 fxg6 19. Bxh6 {[%emt 0:01:55] [#]} (19. cxd4 $11 Qe8 20. Ng3) 19... Qf6 (19... Kh7 $1 $17 {Strongly threatening ...d5.} 20. Qd2 dxc3 21. bxc3 Bxf2+ 22. Qxf2 Kxh6) 20. Qb3+ (20. cxd4 $1 $11 {and White has nothing to worry.} Bxd4 21. Ne3 Bxb2 22. Rb1 (22. Nxg4 Bxg4 23. Qxg4 Ne5 $15) (22. Bxc6 Bxc6 23. Rb1 Qc3 $11)) 20... Kh7 $2 ({Black should try} 20... Be6 $19 21. Qa3 dxc3) 21. Bg5 $1 $15 Qg7 $40 {[%emt 0:01:44][%mdl 128] Black attacks.} 22. Ng3 {[%emt 0:01:03] [#]} (22. Bxc6 $15 Bxc6 23. Rc1) 22... Rf8 $1 $17 {[%emt 0:02:40] White must now prevent ...dxc3.} 23. Nh5 $2 (23. Rf1 $17) 23... Qe5 $1 $19 24. Nf6+ Rxf6 25. Bxf6 Qxf6 ({And not} 25... Qxe4 26. Qf7+ Kh6 27. Qg7+ Kh5 28. Qh8#) 26. Rf1 Ne7 27. cxd4 Bxd4 28. Qd1 c5 29. Kh1 (29. b3 $142) 29... d5 30. Bc2 Bxb2 31. f3 {[%emt 0:00:08] [#]} g3 $1 32. Qe1 (32. hxg3 Kg8) 32... Qe5 33. Qd2 Qh5 {[%emt 0:02:01] Weighted Error Value: White=0.90/Black=0.49.  Loses game:     	White=2     	---        Missed win:     	---       	Black=1      Mistake:       	White=4     	Black=3      Inaccurate:     	White=1     	---        OK:         	White=7     	Black=8      Best:        	---       	Black=3      Strong:       	White=1     	Black=1} 0-1